[Event "NJSK 2026 Jeugd B"]
[Site "Helmond, Netherlands"]
[Date "2026.04.25"]
[Round "1.3"]
[White "Aravindhan, Achyuth"]
[Black "Etienne, Ghilon"]
[Result "1-0"]
[TimeControl "90min/40moves + 30min + 30sec/move"]
[WhiteTitle "-"]
[BlackTitle "-"]
[WhiteFideId "1084216"]
[BlackFideId "1084267"]
[WhiteElo "2277"]
[BlackElo "1976"]

1. e4 e5 2. Nf3 Nc6 3. Nc3 Nf6 4. h3 h6 5. Bc4 Nxe4 6. Nxe4 d5 7. Bd3 dxe4 8. Bxe4 Bd6 9. d4 Nxd4 10.
Nxd4 exd4 11. Qxd4 O-O 12. Bd2 Qe7 13. O-O-O Bc5 14. Qd3 Bxf2 15. Rhf1 Bh4 16. Bc3 Be6 17. Kb1 Rad8 18. Qf3 Rxd1+ 19. Rxd1 c6 20. b3 f5 21. Bd3 Bd5 22. Qf4 Bg5 23. Qf1 Qc5 24. Bb2 Bf6 25. Qxf5 Bxb2 26. Qh7+ Kf7 27. Kxb2 Qd4+ 28.
Kb1 Ke7 29. Qg6 Qe5 30. Qg4 Kd8 31. c4 Be6 32. Bf5+ Ke7 33. Bxe6 Qxe6 34. Qxg7+ Rf7 35. Qd4 Qg6+ 36. Kb2 Qxg2+ 37. Ka3 Qg3 38. Qd8+ Ke6 39. c5 h5 40. Qe8+ Re7 41. Rd6+ Qxd6 42. Qg6+ Kd7 43. Qxd6+ Ke8 44. Qg6+ Rf7 45.
Qxh5 Ke7 46. Qe5+ Kd7 47. Qd6+ Ke8 48. Qb8+ Ke7 49. Qxb7+ Kf8 50.
Qxc6 Kg7 51. Qd6 Rf6 52. Qe7+ Rf7 53. Qe5+ Kg6 54. c6 Rf5 55. Qxf5+ 1-0

[Event "NJSK 2026 Jeugd B"]
[Site "Helmond, Netherlands"]
[Date "2026.04.25"]
[Round "1.4"]
[White "Hallibert, Emilien"]
[Black "Baarspul, Bram"]
[Result "1/2-1/2"]
[TimeControl "90min/40moves + 30min + 30sec/move"]
[WhiteTitle "-"]
[BlackTitle "-"]
[WhiteFideId "1092561"]
[BlackFideId "40106187"]
[WhiteElo "1975"]
[BlackElo "2177"]

1. c4 c5 2. Nc3 Nc6 3. Nf3 Nf6 4. g3 d5 5. cxd5 Nxd5 6. Bg2 Nc7 7. O-O e5 8. d3 Be7 9. a3 O-O 10.
Be3 f6 11. Rc1 Nd4 12. b4 Be6 13. bxc5 Nb3 14. Rb1 Nxc5 15. d4 exd4 16. Nxd4 Rb8 17. Bf4 Rc8 18. Bxc7 Rxc7 19. Nxe6 Nxe6 20.
Nb5 Rc5 21. Qb3 Re5 22. Rfd1 Qb6 23. Qa2 Rd8 24. Rxd8+ Bxd8 25. Nc3 Qc5 26. Ne4 Qd4 27. e3 Qd3 28. Nc5 Rxc5 29. Qxe6+ Kf8 30.
Be4 Re5 31. Qxe5 Qxb1+ 32. Bxb1 fxe5 33. Bxh7 Ke7 34. Kf1 Kd6 35.
Ke2 Kc5 36. Kd3 b5 37. Bg8 a5 38. Ke4 Bc7 39. Kf5 Bd6 40. Bb3 a4 41. Be6 1/2-1/2

[Event "NJSK 2026 Jeugd B"]
[Site "Helmond, Netherlands"]
[Date "2026.04.25"]
[Round "1.5"]
[White "Chua, Ethan"]
[Black "Roebers, Bregje"]
[Result "1-0"]
[TimeControl "90min/40moves + 30min + 30sec/move"]
[WhiteTitle "-"]
[BlackTitle "-"]
[WhiteFideId "1089250"]
[BlackFideId "1085174"]
[WhiteElo "2168"]
[BlackElo "1945"]

1. e4 c5 2. Nf3 d6 3. d4 cxd4 4. Nxd4 Nf6 5. Nc3 a6 6. Be2 e6 7. O-O Be7 8. f4 O-O 9. Be3 Qc7 10.
a4 b6 11. Bf3 Bb7 12. g4 d5 13. exd5 exd5 14. Nf5 Bc5 15. Nxd5 Bxd5 16. Bxd5 Nxd5 17. Qxd5 Bxe3+ 18. Nxe3 Nd7 19.
Rad1 Nc5 20. Qc4 Rfe8 21. Nd5 Qa7 22. Rfe1 b5 23. axb5 axb5 24. Qd4 Rxe1+ 25. Rxe1 Ne6 26. Qxa7 Rxa7 27.
f5 Nf8 28. Re8 f6 29. Rb8 Ra1+ 30. Kf2 Rh1 31. Kg2 Re1 32. Nf4 Kf7 33. Rb7+ Ke8 34. Rxb5 Nd7 35. Rb7 Re4 36. Kf3 Rc4 37.
c3 Ne5+ 38. Kg3 g5 39. fxg6 hxg6 40. h3 Re4 41. Nd5 1-0

[Event "NJSK 2026 Jeugd B"]
[Site "Helmond, Netherlands"]
[Date "2026.04.25"]
[Round "1.6"]
[White "Woldhuis, Marnik"]
[Black "Darie, Aden"]
[Result "1/2-1/2"]
[TimeControl "90min/40moves + 30min + 30sec/move"]
[WhiteTitle "-"]
[BlackTitle "-"]
[WhiteFideId "1087096"]
[BlackFideId "1094831"]
[WhiteElo "1939"]
[BlackElo "2150"]

1. b4 e5 2. Bb2 Bxb4 3. Bxe5 Nf6 4. c4 Nc6 5. Bb2 O-O 6. Nf3 d5 7. e3 Bg4 8. cxd5 Qxd5 9. Be2 Ne4 10.
O-O Rad8 11. d3 Ng5 12. Nxg5 Bxe2 13. Qxe2 Qxg5 14. Nc3 Rfe8 15. Ne4 Qg6 16. Rfc1 Rxe4 17. dxe4 Rd2 18. Qb5 Rxb2 19.
Qxb7 Qf6 20. f3 Qg5 21. Qc8+ Nd8 22. Qh3 Qxe3+ 23. Kh1 Rxa2 24. Qd7 Ne6 25. Rab1 g6 26. Qd5 Rxg2 27. Qa8+ Kg7 28.
Kxg2 Qe2+ 29. Kh1 Bd6 30. e5 Nf4 31. Rg1 Nd3 32. Rg2 Qxe5 33. Qe4 Qxe4 34. fxe4 Kf6 35. Rd2 Nf4 36. Rb5 Ne6 37.
Rf2+ Ke7 38. Rd2 f6 39. Kg2 Nc5 40. Kf3 Nd7 41. Rc2 g5 42. h3 h5 43. Ra5 Ne5+ 44. Ke2 Ng6 45. Rc3 Nf4+ 46.
Kf1 Ke6 47. Rxa7 Ke5 48. Ra4 Ne6 49. Rd3 Nc5 50. Rd5+ Ke6 51. Ra8 Nxe4 52. Rda5 c5 53. R5a6 Kd5 54. Rd8 c4 55. Ra5+ Kd4 56.
Ra3 c3 57. Ra4+ Kd3 58. Rxe4 Kxe4 59. Rxd6 c2 60. Rc6 Kd3 61. Ke1 f5 62. Rd6+ Ke3 63. Rc6 Kd3 64. Rd6+ Ke3 65. Rc6 Kd3 1/2-1/2

[Event "NJSK 2026 Jeugd B"]
[Site "Helmond, Netherlands"]
[Date "2026.04.25"]
[Round "1.7"]
[White "Zecha, Oscar"]
[Black "De Jong, Lode"]
[Result "0-1"]
[TimeControl "90min/40moves + 30min + 30sec/move"]
[WhiteTitle "-"]
[BlackTitle "-"]
[WhiteFideId "1073826"]
[BlackFideId "40101860"]
[WhiteElo "2120"]
[BlackElo "1902"]

1. e4 c5 2. Nf3 d6 3. d4 cxd4 4. Nxd4 Nf6 5. Nc3 a6 6. f3 e5 7. Nb3 Be7 8. Be3 Be6 9. Qd2 h5 10.
O-O-O Nbd7 11. Kb1 Rc8 12. g3 Qc7 13. Qf2 b5 14. Nd5 Nxd5 15. exd5 Bf5 16. Bd3 Bxd3 17. Rxd3 Nf6 18. Rc1 O-O 19.
h3 Rfe8 20. g4 Qb7 21. Rcd1 Bd8 22. g5 Nd7 23. Nd2 Be7 24. Ne4 Rc4 25. b3 Rc7 26. f4 exf4 27. Bxf4 Nc5 28. Re3 Nxe4 29.
Rxe4 Rec8 30. Qe2 Bf8 31. g6 fxg6 32. Re8 Re7 33. Qxe7 Qxe7 34. Rxc8 g5 35. Bc1 Qd7 36. Ra8 Qxh3 37.
Re1 g4 38. Ba3 g3 39. Bxd6 g2 40. Bxf8 Kf7 41. Rae8 g1=Q 42. Rxg1 Kxe8 43. Bxg7 Qe3 44. Rd1 h4 45. d6 Kd7 46. Bd4 Qe2 47. Rg1 h3 48. Rg7+ Kxd6 49. Rg6+ Ke7 50. Bg1 Kf7 51.
Rh6 Kg7 52. Rd6 Qe1+ 53. Kb2 Qxg1 54. Rd7+ Kg8 55. Rd8+ Kh7 56. Rd7+ Qg7+ 57. Rxg7+ Kxg7 0-1

[Event "NJSK 2026 Jeugd B"]
[Site "Helmond, Netherlands"]
[Date "2026.04.25"]
[Round "1.8"]
[White "Okita, Shinsaku"]
[Black "Groenewoud, Joel"]
[Result "0-1"]
[TimeControl "90min/40moves + 30min + 30sec/move"]
[WhiteTitle "-"]
[BlackTitle "-"]
[WhiteFideId "1094823"]
[BlackFideId "1087746"]
[WhiteElo "1899"]
[BlackElo "2114"]

1. d4 Nf6 2. Nf3 g6 3. Nc3 d5 4.
Bf4 c6 5. e3 Bg7 6. h3 O-O 7. Be2 b5 8. a4 b4 9. Nb1 a5 10. O-O Ba6 11. Nbd2 Bxe2 12. Qxe2 Nbd7 13. Ne5 c5 14.
dxc5 Nxc5 15. Qb5 Nfe4 16. Nxe4 Nxe4 17. Rad1 e6 18. f3 Nd6 19. Qd3 Rc8 20. b3 Rc3 21. Qe2 Nf5 22. Rd3 Qc8 23.
Rc1 f6 24. Ng4 Qc5 25. Rxc3 Qxc3 26. e4 Nd4 27. Qf2 h5 28. Ne3 Qc5 29. exd5 e5 30. Bg3 f5 31. f4 Bh6 32. Re1 exf4 33.
Bxf4 Bxf4 34. Qxf4 Nxc2 35. Re2 Nd4 36. Rf2 Re8 37. Qg3 Kh7 38. Kh2 Re4 39. Nc4 Nxb3 40. d6 Rxc4 41. d7 Rd4 42.
Qxb3 Qd6+ 43. g3 h4 44. Qf7+ Kh6 45. Rf4 Rd2+ 46. Kg1 Qc5+ 0-1

[Event "NJSK 2026 Jeugd B"]
[Site "Helmond, Netherlands"]
[Date "2026.04.25"]
[Round "1.9"]
[White "Teianu, Maxim"]
[Black "Van Haaften, Jelle"]
[Result "1-0"]
[TimeControl "90min/40moves + 30min + 30sec/move"]
[WhiteTitle "-"]
[BlackTitle "-"]
[WhiteFideId "40101967"]
[BlackFideId "1096281"]
[WhiteElo "2024"]
[BlackElo "1882"]

1. d4 Nf6 2. c4 e6 3. Nf3 d5 4. Nc3 Bb4 5. cxd5 exd5 6. Bg5 h6 7. Bh4 O-O 8. e3 Bf5 9. Qb3 Bxc3+ 10. bxc3 Nbd7 11. Be2 g5 12. Bg3 Nb6 13. Nd2 Ne4 14. Nxe4 Bxe4 15. O-O Qe7 16. Rfe1 Kg7 17. c4 dxc4 18.
Bxc4 Nxc4 19. Qxc4 c6 20. f3 Bd5 21. Qc2 Rac8 22. e4 Be6 23. Qb2 f6 24. Rad1 Qf7 25. a3 h5 26. Bf2 Rfd8 27.
Rd3 Qc7 28. Red1 Bf7 29. Qd2 h4 30. e5 Qe7 31. Re1 Bg6 32. Rb3 fxe5 33. Qb2 e4 34. Rxb7 Rc7 35. Rxc7 Qxc7 36. fxe4 Kh6 37.
Qd2 Qf4 38. Be3 Qg4 39. h3 Qg3 40. e5 c5 41. Bf2 Qf4 42. Qxf4 gxf4 43. dxc5 Kg5 44. c6 Rc8 45. Rc1 Rc7 46.
Rc5 f3 47. gxf3 a6 48. e6+ Kf6 49. Bxh4+ Kxe6 50. Bg3 Rc8 51. c7 Bd3 52. Kf2 Kf6 53. Ke3 Bf5 54. Rc6+ 1-0

[Event "NJSK 2026 Jeugd B"]
[Site "Helmond, Netherlands"]
[Date "2026.04.25"]
[Round "1.10"]
[White "Yantur, Arda"]
[Black "Frederiks, Jesse"]
[Result "0-1"]
[TimeControl "90min/40moves + 30min + 30sec/move"]
[WhiteTitle "-"]
[BlackTitle "-"]
[WhiteFideId "40102041"]
[BlackFideId "1095790"]
[WhiteElo "1750"]
[BlackElo "2018"]

1. e4 e5 2. Nc3 Nf6 3. d4 exd4 4. Qxd4 Nc6 5. Qd3 Bc5 6. Bf4 d6 7. f3 Nh5 8. Nge2 Nxf4 9. Nxf4 O-O 10.
O-O-O Ne5 11. Qd2 a5 12. Na4 Bb4 13. Nc3 a4 14. a3 Bc5 15. Bb5 c6 16. Nxa4 Bxa3 17. bxa3 cxb5 18. Nc3 Rxa3 19.
Nb1 Ra6 20. Nd3 Nc4 21. Qc3 Be6 22. f4 Qb6 23. Rde1 Rc8 24. f5 Ne5 25. fxe6 Rxc3 26. exf7+ Kxf7 27. Nxe5+ dxe5 28. Rhf1+ Ke6 29. Nxc3 Ra1+ 30. Kb2 Rxe1 31.
Rxe1 b4 32. Nd1 Qd4+ 33. Kb3 Qd2 34. Rg1 Qe2 35. Kxb4 Qxc2 36. Nc3 b5 37. Nxb5 Qxe4+ 38. Ka5 Qe3 39. Rd1 Qe2 40. Rd6+ Ke7 41.
Kb6 Qxb5+ 42. Kxb5 Kxd6 43. Kc4 Ke6 44. g4 Kd6 45. h4 Kc6 46. h5 h6 47. Kd3 Kd5 48. Ke3 e4 49. Kf4 Kd4 50.
g5 e3 51. gxh6 gxh6 52. Kf5 e2 53. Kg6 e1=Q 54. Kxh6 Ke5 55. Kg7 Qg3+ 56. Kh7 Kf6 0-1

[Event "NJSK 2026 Jeugd B"]
[Site "Helmond, Netherlands"]
[Date "2026.04.26"]
[Round "2.1"]
[White "Kurt, Sascha"]
[Black "Teianu, Maxim"]
[Result "1-0"]
[TimeControl "90min/40moves + 30min + 30sec/move"]
[WhiteTitle "-"]
[BlackTitle "-"]
[WhiteFideId "1082647"]
[BlackFideId "40101967"]
[WhiteElo "2280"]
[BlackElo "2024"]

1. e4 e6 2. d4 d5 3. Nc3 dxe4 4. Nxe4 Bd7 5. Nf3 Bc6 6. Bd3 Nd7 7. O-O Ngf6 8. Re1 Bxe4 9. Bxe4 Nxe4 10.
Rxe4 Be7 11. Rg4 Bf6 12. h4 c5 13. Bg5 cxd4 14. Bxf6 Qxf6 15. Rxd4 Nb8 16. Ne5 O-O 17. Qe2 Rc8 18.
Rad1 Nc6 19. Nxc6 Rxc6 20. c4 h6 21. Qe4 Rac8 22. b3 R6c7 23. g3 Qe7 24. Rd6 a6 25. a4 Rf8 26. Kg2 Rb8 27.
a5 Rbc8 28. R1d3 Re8 29. b4 f5 30. Qe5 Qf7 31. c5 Kh7 32. Re3 Rce7 33. Rb6 Qg6 34. c6 bxc6 35. Rxc6 Qg4 36. Rb6 Rc8 37.
Rxe6 Rxe6 38. Qxe6 Rc4 39. Qxa6 Rxb4 40. Re8 Re4 41. Rc8 Re1 42. Qc4 Qxc4 43. Rxc4 Ra1 44. Rc5 Kg6 45. Rc6+ Kf7 46.
a6 Ke8 47. Kf3 Ra4 48. Rb6 Ke7 49. Rb7+ Kf6 50. a7 g5 51. hxg5+ hxg5 52. Ke2 Ra3 53. Kd2 g4 54. Kc2 Ke5 55.
Kb2 Ra6 56. Kc3 Ke4 57. Rf7 Ra1 58. Kc4 Rc1+ 59. Kb5 Rb1+ 60. Kc6 Ra1 61. Kb7 Rb1+ 62. Kc8 Ra1 63. Kb8 Rb1+ 64. Rb7 Rh1 65.
a8=Q Rh8+ 66. Ka7 Rxa8+ 67. Kxa8 Kf3 68.
Rb2 1-0

[Event "NJSK 2026 Jeugd B"]
[Site "Helmond, Netherlands"]
[Date "2026.04.26"]
[Round "2.2"]
[White "Frederiks, Jesse"]
[Black "Aravindhan, Achyuth"]
[Result "0-1"]
[TimeControl "90min/40moves + 30min + 30sec/move"]
[WhiteTitle "-"]
[BlackTitle "-"]
[WhiteFideId "1095790"]
[BlackFideId "1084216"]
[WhiteElo "2018"]
[BlackElo "2277"]

1. e4 c5 2. Nf3 Nc6 3. Nc3 e5 4. Bc4 Be7 5. d3 d6 6. Nd2 Nf6 7. Nf1 O-O 8. Ne3 Be6 9. O-O Nd4 10.
a4 a6 11. Ned5 Bxd5 12. Nxd5 Rb8 13. f4 exf4 14. Bxf4 b5 15. axb5 axb5 16. Ra7 Nc6 17. Nxe7+ Nxe7 18. Bb3 c4 19.
Rxe7 cxb3 20. Bg5 Qxe7 21. Bxf6 gxf6 22. Rf3 bxc2 23. Rg3+ Kh8 0-1

[Event "NJSK 2026 Jeugd B"]
[Site "Helmond, Netherlands"]
[Date "2026.04.26"]
[Round "2.3"]
[White "Winter, Sven"]
[Black "Chua, Ethan"]
[Result "0-1"]
[TimeControl "90min/40moves + 30min + 30sec/move"]
[WhiteTitle "-"]
[BlackTitle "-"]
[WhiteFideId "1092375"]
[BlackFideId "1089250"]
[WhiteElo "2013"]
[BlackElo "2168"]

1. e4 e5 2. Nf3 Nc6 3. Bc4 Bc5 4. c3 Nf6 5. d3 O-O 6. Bg5 h6 7. Bh4 Be7 8. O-O d5 9. exd5 Nxd5 10.
Bg3 Bg4 11. Nbd2 Nb6 12. Bb5 Bd6 13. Qc2 Nd7 14. Rfe1 Re8 15. h3 Bh5 16. Nh4 Nf8 17. Ne4 Qd7 18. Bh2 Rad8 19. Ng3 Bg6 20.
Nxg6 Nxg6 21. a4 a6 22. Bc4 Bf8 23. d4 Nf4 24. Nf5 Kh8 25. Ba2 e4 26. Ng3 f5 27. Qb3 Bd6 28. Qf7 Qxf7 29.
Bxf7 Re7 30. Bc4 g6 31. Ne2 Nxe2+ 32. Bxe2 f4 33. b4 a5 34. b5 Nb8 35. Red1 g5 36. Rab1 Nd7 37. c4 Bb4 38.
c5 Nf6 39. Rbc1 Nd5 40. Rc4 Nc3 41. Rd2 e3 42. Rc2 Rde8 43. f3 Nd5 44. Kf1 Kg7 45. Bd3 e2+ 46. Rxe2 Rxe2 0-1

[Event "NJSK 2026 Jeugd B"]
[Site "Helmond, Netherlands"]
[Date "2026.04.26"]
[Round "2.4"]
[White "Groenewoud, Joel"]
[Black "De Jong, Lode"]
[Result "1-0"]
[TimeControl "90min/40moves + 30min + 30sec/move"]
[WhiteTitle "-"]
[BlackTitle "-"]
[WhiteFideId "1087746"]
[BlackFideId "40101860"]
[WhiteElo "2114"]
[BlackElo "1902"]

1. e4 c5 2. Nf3 d6 3. d4 cxd4 4. Nxd4 Nf6 5. Nc3 a6 6. f3 e5 7. Nb3 Be7 8. Be3 Be6 9. Qd2 h5 10.
Nd5 Bxd5 11. exd5 Nbd7 12. Na5 Qc7 13. Be2 O-O 14. c4 e4 15. b4 Ne5 16. f4 Neg4 17. Bd4 Rfe8 18. O-O Qd7 19.
Rac1 Rac8 20. h3 Nh6 21. Bxf6 Bxf6 22. Bxh5 Qc7 23. Kh2 Qb6 24. Be2 Nf5 25. Bg4 Ne3 26. Bxc8 Nxf1+ 27. Rxf1 Rxc8 28.
Re1 Re8 29. a3 e3 30. Qd3 Re7 31. Nb3 Bb2 32. c5 Qc7 33. Rxe3 Bxa3 34. Rxe7 Qxe7 35. Qd4 Qc7 36. Kg3 Kf8 37.
Qc3 g5 38. c6 bxc6 39. fxg5 c5 40. Qh8+ Ke7 41. Qf6+ Ke8 42. Qh8+ Ke7 43. Na5 cxb4 44. Nc6+ Kd7 45. Qf8 Qb6 46.
Qe7+ Kc8 47. Qe8+ Kc7 48. Qd8+ 1-0

[Event "NJSK 2026 Jeugd B"]
[Site "Helmond, Netherlands"]
[Date "2026.04.26"]
[Round "2.5"]
[White "Baarspul, Bram"]
[Black "Woldhuis, Marnik"]
[Result "1-0"]
[TimeControl "90min/40moves + 30min + 30sec/move"]
[WhiteTitle "-"]
[BlackTitle "-"]
[WhiteFideId "40106187"]
[BlackFideId "1087096"]
[WhiteElo "2177"]
[BlackElo "1939"]

1. e4 c5 2. Nf3 d6 3. d4 cxd4 4. Nxd4 Nf6 5. Nc3 a6 6. Bd3 Nbd7 7. O-O g6 8. Be3 Nc5 9. h3 Bg7 10.
a4 O-O 11. a5 b5 12. axb6 Qxb6 13. e5 Ne8 14. Nd5 Qb7 15. Nc6 e6 16. Nde7+ Kh8 17. exd6 Nxd3 18. Qxd3 Bd7 19. Na5 Qb4 20.
Rfd1 Qxb2 21. c4 e5 22. Rdb1 e4 23. Qd5 Qe5 24. Qxa8 Nxd6 25. Qxa6 Qxe7 26. Bc5 Bxa1 27. Qxd6 Qxd6 28.
Bxd6 Bg7 29. Bxf8 Bxf8 30. Kf1 Kg7 31. Ke2 Kf6 32. Rb7 Ke6 33. Nb3 f5 34. Nd4+ Ke7 35. c5 Bg7 36. c6 1-0

[Event "NJSK 2026 Jeugd B"]
[Site "Helmond, Netherlands"]
[Date "2026.04.26"]
[Round "2.6"]
[White "Darie, Aden"]
[Black "Hallibert, Emilien"]
[Result "1/2-1/2"]
[TimeControl "90min/40moves + 30min + 30sec/move"]
[WhiteTitle "-"]
[BlackTitle "-"]
[WhiteFideId "1094831"]
[BlackFideId "1092561"]
[WhiteElo "2150"]
[BlackElo "1975"]

1. b3 c5 2. Bb2 Nc6 3. Nf3 Nf6 4. e3 e6 5. d4 b6 6. c4 cxd4 7. Nxd4 Bb7 8. Nc3 Be7 9. Be2 O-O 10.
Qd2 d5 11. cxd5 Nxd5 12. Nxd5 exd5 13. O-O Qd7 14. Rac1 Rac8 15. Rfd1 Bd6 16. Bb5 Rfd8 17. Nxc6 Bxc6 18. Qc3 d4 19.
Bxc6 dxc3 20. Bxd7 Rxd7 21. Bxc3 Rcd8 22. Be5 g6 23. Rxd6 Rxd6 24. Bxd6 Rxd6 25. g4 Rd2 26. a4 Rb2 27.
Rc3 g5 28. Kg2 Kg7 29. Kg3 a6 30. f3 b5 31. axb5 axb5 32. Rc5 Rxb3 33. Rxg5+ Kf6 34. Rh5 Kg6 35. Kf4 b4 36. Rg5+ Kf6 37.
Rf5+ Kg6 38. h4 Rb1 39. h5+ Kg7 40. g5 b3 41. Rb5 b2 42. Rb7 Kf8 43. Ke4 Rg1 44. Rxb2 Rxg5 45. Rh2 h6 46.
f4 Ra5 47. f5 Ra4+ 48. Ke5 Ke7 49. e4 Ra1 50. Rb2 f6+ 51. Kf4 Rf1+ 52. Kg3 Rh1 53. Rh2 Ra1 54. Kf3 Ra3+ 55. Kf4 Ra1 56.
Rg2 Rf1+ 57. Ke3 Re1+ 58. Kf3 Rf1+ 59. Ke2 Rh1 60. Rg7+ Kd6 61. Ke3 Re1+ 62. Kf3 Rf1+ 63. Ke2 Rh1 64.
Ke3 Re1+ 65. Kf3 Rf1+ 66. Kg2 Re1 67. Rg6 Rxe4 68. Kf3 Rh4 69. Rxf6+ Ke5 70. Rxh6 Kxf5 71. Kg3 Kg5 72. Rg6+ Kxh5 73.
Rh6+ Kxh6 74. Kxh4 1/2-1/2

[Event "NJSK 2026 Jeugd B"]
[Site "Helmond, Netherlands"]
[Date "2026.04.26"]
[Round "2.7"]
[White "Roebers, Bregje"]
[Black "Grooten, Tommy"]
[Result "1/2-1/2"]
[TimeControl "90min/40moves + 30min + 30sec/move"]
[WhiteTitle "-"]
[BlackTitle "-"]
[WhiteFideId "1085174"]
[BlackFideId "1068806"]
[WhiteElo "1945"]
[BlackElo "2347"]

1. e4 c5 2. Nf3 d6 3. Bb5+ Nc6 4. a4 Bd7 5. O-O a6 6. Be2 Nf6 7. Nc3 g6 8. d3 Bg7 9. Nd2 Rb8 10.
f4 b5 11. Nf3 Qb6 12. Kh1 b4 13. Nb1 Ng4 14. Nbd2 Ne3 15. Nc4 Nxd1 16. Nxb6 Rxb6 17. Bxd1 b3 18. cxb3 Bg4 19. e5 O-O 20.
Be3 Rb4 21. Bd2 Rbb8 22. Bc3 d5 23. h3 Bxf3 24. Bxf3 e6 25. Bd1 Rfc8 26. Rc1 Bf8 27. Kh2 Nd4 28. Bxd4 cxd4 29. Rxc8 Rxc8 30. Rf2 Rc1 31. Bf3 h5 32.
g3 Bb4 33. Rg2 a5 34. Be2 Kf8 35. Bf3 Ke7 36. Rf2 h4 37. Rg2 hxg3+ 38. Kxg3 Kd7 39. Kg4 Re1 40. Be2 Bd2 41. Bf3 Be3 42.
Rc2 Rg1+ 43. Rg2 Rc1 44. Kg5 Rf1 45. Kg4 Kc6 46. Rc2+ Kb6 47. Kg3 Rg1+ 48. Kh2 g5 49. f5 Re1 50.
fxe6 fxe6 51. Bg4 Bf4+ 52. Kg2 Re3 53.
Bxe6 Rxd3 54. Bxd5 Rg3+ 55. Kf2 d3 56. Rc6+ Ka7 57. Rc7+ Kb8 58. Rd7 Re3 59. Bc4 Re2+ 1/2-1/2

[Event "NJSK 2026 Jeugd B"]
[Site "Helmond, Netherlands"]
[Date "2026.04.26"]
[Round "2.8"]
[White "Okita, Shinsaku"]
[Black "Zecha, Oscar"]
[Result "1/2-1/2"]
[TimeControl "90min/40moves + 30min + 30sec/move"]
[WhiteTitle "-"]
[BlackTitle "-"]
[WhiteFideId "1094823"]
[BlackFideId "1073826"]
[WhiteElo "1899"]
[BlackElo "2120"]

1. d4 Nf6 2. Nf3 d5 3. c3 c5 4. dxc5 e6 5. b4 a5 6.
e3 axb4 7. cxb4 b6 8. Bb5+ Bd7 9. Bxd7+ Qxd7 10. a4 Na6 11. Bd2 bxc5 12. b5 Nc7 13. b6 Na6 14. Qb3 c4 15. b7 Rb8 16.
Qb5 Nc5 17. Ne5 Qxb5 18. axb5 Nxb7 19. Nc6 Rc8 20. O-O Bc5 21. Nc3 Nd8 22. Nxd8 Rxd8 23. Na4 Bd6 24. Ba5 Ra8 25. Bc3 O-O 26. Rfb1 Rfb8 27. b6 Ne4 28. Bb4 Be5 29.
Ra3 c3 30. Rc1 d4 31. f3 Nd2 32. f4 Bf6 33. Bd6 Nc4 34. Bxb8 Nxa3 35. Bd6 d3 36. b7 Rd8 37. Nxc3 d2 38.
Rf1 Bxc3 39. b8=Q Rxb8 40. Bxb8 Nc4 41. Kf2 Bb2 42. Ba7 Nd6 43. Ke2 Bc1 44. Kd3 f5 45. Kc2 Kf7 46. Rxc1 dxc1=Q+ 47. Kxc1 Ne4 48. Kd1 Ke7 49. Bd4 g6 50. Ke2 Kd6 51. Be5+ Kd5 52. h3 h5 53. Bd4 Kc4 54. Be5 Nc5 55.
Bd4 Nb3 56. Bb2 Kd5 57. Kf3 Nd2+ 58. Ke2 Nc4 59. Bd4 Ke4 60.
Kf2 Kd3 61. Kf3 Nd2 62. Kf2 h4 63. Be5 Ne4+ 64. Kf3 Nd2 65. Kf2 Nc4 66. Bd4 Nd6 67. Kf3 Ne4 68. Bb6 Nd2 69. Kf2 Ne4+ 1/2-1/2

[Event "NJSK 2026 Jeugd B"]
[Site "Helmond, Netherlands"]
[Date "2026.04.26"]
[Round "2.9"]
[White "Van Haaften, Jelle"]
[Black "Wierenga, Luuk"]
[Result "1/2-1/2"]
[TimeControl "90min/40moves + 30min + 30sec/move"]
[WhiteTitle "-"]
[BlackTitle "-"]
[WhiteFideId "1096281"]
[BlackFideId "1094874"]
[WhiteElo "1882"]
[BlackElo "1977"]

1. e4 e5 2. Nf3 Nf6 3. Nxe5 d6 4.
Nf3 Nxe4 5. d4 d5 6. Bd3 Bd6 7. O-O O-O 8. c4 c6 9. Nc3 Nxc3 10. bxc3 dxc4 11. Bxc4 Bg4 12. h3 Bh5 13.
g4 Bg6 14. Ne5 Bxe5 15. dxe5 Qa5 16. f4 Qxc3 17. Qb3 Qxb3 18. axb3 Be4 19. Rd1 Bd5 20. Bxd5 cxd5 21. Rxd5 Nc6 22.
Be3 h6 23. Rd6 Rfd8 24. Rad1 b6 25. Rc1 Ne7 26. Kf2 Nd5 27. Ra1 Rxd6 28. exd6 Rd8 29. Rxa7 1/2-1/2

[Event "NJSK 2026 Jeugd B"]
[Site "Helmond, Netherlands"]
[Date "2026.04.26"]
[Round "2.10"]
[White "Etienne, Ghilon"]
[Black "Yantur, Arda"]
[Result "1-0"]
[TimeControl "90min/40moves + 30min + 30sec/move"]
[WhiteTitle "-"]
[BlackTitle "-"]
[WhiteFideId "1084267"]
[BlackFideId "40102041"]
[WhiteElo "1976"]
[BlackElo "1750"]

1. Nf3 c6 2. g3 Nf6 3. Bg2 g6 4. O-O Bg7 5. d3 O-O 6. e4 d6 7. Nc3 e5 8. Ne1 Ne8 9. f4 f5 10.
Nf3 Be6 11. Qe2 Nd7 12. Ng5 Bf7 13. fxe5 Bxe5 14. exf5 gxf5 15. Rf2 f4 16. Rxf4 Ng7 17. Rxf7 Rxf7 18. Nxf7 Kxf7 19.
Be3 Kg8 20. d4 Bf6 21. Ne4 Be7 22. c3 d5 23. Nd2 Qb6 24. Bh6 Bf8 25. Bxg7 Kxg7 26. Qg4+ Kh8 27. Qxd7 Qxb2 28. Rd1 Qxc3 29.
Nb3 Bg7 30. Qe7 a5 31. Qe1 Qxe1+ 32. Rxe1 a4 33. Nc1 Bxd4+ 34. Kh1 Bc5 35. Nd3 Bd6 36. Re6 Rd8 37. Kg1 Kg7 38. Kf2 b5 39.
Ne5 b4 40. Nxc6 Rf8+ 41. Ke1 b3 42. axb3 a3 43. Re2 d4 44. Ra2 Re8+ 45. Kd2 Re6 46. b4 Rg6 47. Rxa3 Bf4+ 48. Kc2 Be3 49.
Ra7+ Kg8 50. Ne7+ 1-0

[Event "NJSK 2026 Jeugd B"]
[Site "Helmond, Netherlands"]
[Date "2026.04.27"]
[Round "3.1"]
[White "Chua, Ethan"]
[Black "Kurt, Sascha"]
[Result "1-0"]
[TimeControl "90min/40moves + 30min + 30sec/move"]
[WhiteTitle "-"]
[BlackTitle "-"]
[WhiteFideId "1089250"]
[BlackFideId "1082647"]
[WhiteElo "2168"]
[BlackElo "2280"]

1. e4 c5 2. Ne2 d6 3. g3 Nc6 4. Bg2 g6 5. c3 Bg7 6. d4 cxd4 7. cxd4 Bg4 8. f3 Bd7 9. O-O Nf6 10.
Nbc3 O-O 11. Be3 a6 12. Rc1 Rc8 13. Qd2 b5 14. b3 e6 15. h3 e5 16. Kh2 Re8 17. Rfd1 b4 18. Na4 exd4 19.
Nxd4 Nxd4 20. Bxd4 Rxc1 21. Rxc1 Bxa4 22. bxa4 Qa5 23. a3 Qxa4 24. axb4 h5 25. h4 Qd7 26. Qb2 Qe7 27. Rc6 Ra8 28.
Bf1 a5 29. b5 a4 30. Ra6 Rc8 31. b6 Ng4+ 32. fxg4 Qxe4 33. b7 Rc2+ 34. Qxc2 Qxc2+ 35. Bg2 Bxd4 36. b8=Q+ Kh7 37. Ra8 hxg4 38. Qg8+ Kh6 39. Qxf7 Be5 40. Ra7 Bxg3+ 41. Kxg3 Qc3+ 42. Kh2 Qe5+ 43.
Kg1 Qe1+ 44. Qf1 Qe3+ 45. Qf2 Qc1+ 46. Kh2 1-0

[Event "NJSK 2026 Jeugd B"]
[Site "Helmond, Netherlands"]
[Date "2026.04.27"]
[Round "3.2"]
[White "Aravindhan, Achyuth"]
[Black "Groenewoud, Joel"]
[Result "1/2-1/2"]
[TimeControl "90min/40moves + 30min + 30sec/move"]
[WhiteTitle "-"]
[BlackTitle "-"]
[WhiteFideId "1084216"]
[BlackFideId "1087746"]
[WhiteElo "2277"]
[BlackElo "2114"]

1. e4 c6 2. d4 d5 3. Nc3 dxe4 4. Nxe4 Nf6 5. Nxf6+ exf6 6. c3 Bd6 7. Bd3 O-O 8. Qc2 Re8+ 9.
Be3 h6 10. Ne2 Nd7 11. O-O Nf8 12. h3 Be6 13. Nf4 Bxf4 14. Bxf4 b5 15. b3 a5 16. Rad1 a4 17. c4 axb3 18.
axb3 bxc4 19. bxc4 Qa5 20. Rb1 Ng6 21. Bd6 Nh4 22. Bc5 Qc7 23. f4 g6 24. g4 g5 25. Rbd1 gxf4 26. Qf2 Ng6 27.
d5 cxd5 28. Bxg6 fxg6 29. cxd5 Bf7 30. Bd4 Bxd5 31. Qxf4 Ra2 32. Bb2 Qxf4 33. Rxf4 Rxb2 34. Rxd5 Re1+ 35. Rf1 Rxf1+ 36. Kxf1 Rh2 37. Rd3 h5 38. Kg1 Rc2 39. gxh5 g5 40.
Rd7 Rc4 41. Kg2 Rh4 42. Kg3 f5 43. Rd5 f4+ 44. Kg2 Rxh5 45. h4 f3+ 46. Kf2 Kg7 47. Rxg5+ Rxg5 48. hxg5 Kg6 49. Kxf3 Kxg5 50.
Ke4 1/2-1/2

[Event "NJSK 2026 Jeugd B"]
[Site "Helmond, Netherlands"]
[Date "2026.04.27"]
[Round "3.3"]
[White "Darie, Aden"]
[Black "Baarspul, Bram"]
[Result "0-1"]
[TimeControl "90min/40moves + 30min + 30sec/move"]
[WhiteTitle "-"]
[BlackTitle "-"]
[WhiteFideId "1094831"]
[BlackFideId "40106187"]
[WhiteElo "2150"]
[BlackElo "2177"]

1. b3 e5 2. Bb2 Nc6 3. e3 d5 4. Bb5 Nge7 5. Bxe5 a6 6. Bxc6+ Nxc6 7. Bg3 h5 8. h4 d4 9. Ne2 Bd6 10.
Bxd6 Qxd6 11. e4 d3 12. cxd3 Bg4 13. f3 Nb4 14. d4 Nd3+ 15. Kf1 Qf6 16. Kg1 O-O-O 17. e5 Qb6 18. Nbc3 Rxd4 19.
Nxd4 Qxd4+ 20. Kh2 Nf2 21. Qe2 Nxh1 22. Kxh1 Bf5 23. g3 Rd8 24. Qe3 Qxd2 25. Qxd2 Rxd2 26. Rd1 Rc2 27. Nd5 Be6 28.
Ne7+ Kb8 29. f4 g6 30. Rd8+ Ka7 31. Nc8+ Kb8 32. Nd6+ Ka7 33. Nc8+ Bxc8 34. Rxc8 a5 35. Rf8 Rxa2 36.
Rxf7 Rb2 37. Rxc7 Rxb3 38. Kg2 a4 39. Kf2 a3 40. Rc1 a2 41. Ra1 Rb2+ 42. Kf3 Kb8 43. g4 hxg4+ 44. Kxg4 b5 45.
Kg5 b4 46. e6 b3 47. e7 Re2 48. Kf6 Re4 49. Kf7 Rxf4+ 50. Kxg6 Re4 51. Kf7 b2 52. Rxa2 b1=Q 53. Rf2 Rxe7+ 0-1